 Dungeon Crawl Stone Soup version 0.28-a0-119-ga52ba8600a (webtiles) character file.

Game seed: 16035230620250859730

1070 pokeman the Thaumaturge (level 8, -7/43 HPs)
             Began as a Deep Elf Hedge Wizard on Aug 13, 2021.
             Mangled by a wyvern zombie (12 damage)
             ... in an ossuary.
             The game lasted 00:15:33 (7163 turns).

pokeman the Thaumaturge (Deep Elf Hedge Wizard)     Turns: 7163, Time: 00:15:34

Health: -7/43      AC:  5    Str:  7    XL:     8   Next: 7%
Magic:  9/22       EV: 12    Int: 22    God:
Gold:   282        SH:  0    Dex: 18    Spells: 3/24 levels left

rFire   + . .      SeeInvis .   w - +3 club (spect)
rCold   . . .      Faith    .   (no shield)
rNeg    + . .      Spirit   .   l - +0 leather armour
rPois   .          Reflect  .   c - +0 hat
rElec   +          Harm     .   z - +0 cloak
rCorr   .          Rampage  .   (no gloves)
Will    .....                   C - +0 pair of boots of Imperfection {rElec rF+ rN+ Dex+4}
Stlth   ++........              (no amulet)
HPRegen 0.14/turn               s - ring of wizardry
MPRegen 0.18/turn               (no ring)

@: no status effects
A: no striking features
a: no special abilities


You were in an ossuary.
You visited 1 branch of the dungeon, and saw 5 of its levels.
You also visited: Ossuary.

You collected 282 gold pieces.

Inventory:

Hand Weapons
 w - a +3 spectral club (weapon)
 y - a +2 quarterstaff of chaos
Missiles
 i - 22 bolts
 m - 44 arrows
 t - a throwing net
Armour
 c - a +0 hat (worn)
 j - a +1 buckler of poison resistance
 k - a +0 pair of boots
 l - a +0 leather armour (worn)
 z - a +0 cloak (worn)
 C - the +0 pair of boots of Imperfection (worn) {rElec rF+ rN+ Dex+4}
   (You found it on level 5 of the Dungeon)

   Dex:       It affects your dexterity (+4).
   rF:        It protects you from fire.
   rElec:     It insulates you from electricity.
   rN:        It protects you from negative energy.
Magical Staves
 e - a staff of fire
Jewellery
 s - a ring of wizardry (left hand)
Wands
 v - a wand of paralysis (6)
Scrolls
 a - 6 scrolls of identify {unknown}
 f - a scroll of enchant armour {unknown}
 g - 2 scrolls of magic mapping {unknown}
 h - 7 scrolls of teleportation {unknown}
 q - a scroll of fog {unknown}
 r - a scroll of enchant weapon {unknown}
 A - a scroll of torment {unknown}
 B - a scroll of vulnerability {unknown}
Potions
 b - 2 potions of curing
 d - a potion of heal wounds {unknown}
 n - a potion of degeneration {unknown}
 o - a potion of berserk rage
 p - 2 potions of mutation {unknown}
 u - a potion of invisibility {unknown}
 x - a potion of ambrosia {unknown}


   Skills:
 - Level 1.0 Fighting
 - Level 1.0 Armour
 - Level 3.0 Dodging
 - Level 3.0 Stealth
 + Level 2.3 Shields
 * Level 8.9 Spellcasting
 + Level 4.5 Conjurations
 - Level 1.1 Summonings
 - Level 1.1 Translocations
 + Level 2.3 Fire Magic
 - Level 1.0 Ice Magic
 - Level 1.0 Air Magic
 - Level 1.0 Earth Magic
 - Level 2.0 Poison Magic
 - Level 1.0 Evocations


You had 3 spell levels left.
You knew the following spells:

 Your Spells              Type           Power      Damage    Failure   Level
a - Magic Dart            Conj           100%       1d8       1%          1
b - Mephitic Cloud        Conj/Pois/Air  20%        N/A       4%          3
c - Call Imp              Summ           14%        N/A       4%          2
d - Blink                 Tloc           N/A        N/A       4%          2
e - Conjure Flame         Conj/Fire      24%        6-21      2%          3
f - Bolt of Magma         Conj/Fire/Erth 10%        4d7       34%         5
g - Freezing Cloud        Conj/Ice/Air   9%         6-21      41%         5

Your spell library contained the following spells:

 Spells                   Type           Power      Damage    Failure   Level
 Summon Small Mammal      Summ           56%        N/A       2%          1
 Poisonous Vapours        Pois/Air       32%        N/A       3%          2
 Corpse Rot               Necr/Air       N/A        N/A       4%          2
 Slow                     Hex            9%         N/A       6%          2
 Ignite Poison            Fire/Tmut/Pois 16%        N/A       6%          3
 Call Canine Familiar     Summ           14%        N/A       8%          3
 Summon Guardian Golem    Hex/Summ       12%        N/A       10%         3


Dungeon Overview and Level Annotations

Branches:
Dungeon (5/15)            Ossuary (1/1)
 Temple: D:4-7

Altars:
Kikubaaqudgha
Okawaru
Trog
Yredelemnul

Shops:
D:4 (


Message History

Aim: a mummy (severely damaged, ally target, 100% to hit)
The magic dart hits the mummy.
The mummy is almost destroyed.
Your white imp gestures at the mummy.
The puff of frost hits the mummy.
The mummy resists.
The mummy is destroyed!
Your shadow imp hits the bullfrog zombie.
Your magical contamination has completely faded away.
Your white imp hits the bullfrog zombie.
Your white imp freezes the bullfrog zombie.
The bullfrog zombie completely resists.
Your shadow imp barely misses the bullfrog zombie.
Unknown command.
Your crimson imp blinks!
The bullfrog zombie is engulfed in blazing flames.
The bullfrog zombie misses you.
Your white imp barely misses the bullfrog zombie.
Your shadow imp closely misses the bullfrog zombie.
Unknown command.
You hit the bullfrog zombie.
The bullfrog zombie is heavily damaged.
Your +3 spectral club barely misses the bullfrog zombie.
The bullfrog zombie is engulfed in blazing flames.
The bullfrog zombie hits you but does no damage.
The wyvern zombie bites you!
Your white imp barely misses the bullfrog zombie.
Your shadow imp barely misses the bullfrog zombie.
Unknown command.
You closely miss the bullfrog zombie.
The bullfrog zombie is severely damaged.
Your +3 spectral club hits the bullfrog zombie!
You destroy the bullfrog zombie!
Your +3 spectral club is engulfed in blazing flames.
The wyvern zombie bites you!
* * * LOW HITPOINT WARNING * * *
Your +3 spectral club is engulfed in blazing flames.
Your shadow imp hits the wyvern zombie.
Your white imp hits the mummy but does no damage.
The wyvern zombie bites you!
You die...

#≈≈ #≈≈ +M#
#≈≈ #≈##
+≈M #≈
#####≈##≈≈#
#∩.5#≈'.#
#@(.M≈#
#.Z5#≈+
#####≈# ≈≈.
#≈≈≈ #P≈##
≈≈#≈ ≈≈#


You could see a mummy (ally target), a wyvern zombie (ally target), a friendly
+3 spectral club (summoned), a friendly white imp (summoned) and a friendly
shadow imp (summoned).

Vanquished Creatures
  Edmund (D:4)
  A hornet zombie (Ossuary)
  A water moccasin skeleton (D:4)
  4 bullfrog zombies (Ossuary)
  2 bullfrog skeletons
  A hound (D:4)
  A jelly (D:3)
  Crazy Yiuf (D:4)
  Ijyb (D:4)
  Jessica (D:2)
  3 centaur skeletons
  A mummy (Ossuary)
  2 orc wizards (D:4)
  2 iguanas
  A howler monkey zombie (Ossuary)
  9 adders
  2 gnolls
  An adder zombie (D:5)
  An adder skeleton (D:5)
  2 dart slugs
  12 orcs
  12 ball pythons
  9 endoplasms
  8 giant cockroaches
  7 goblins
  5 hobgoblins
  8 jackals
  A quokka (D:4)
  3 training dummies (D:4)
  8 bats
  7 frilled lizards
  10 kobolds
  5 rats
133 creatures vanquished.

Vanquished Creatures (collateral kills)
  An orc priest (D:3)
  3 mummies (Ossuary)
  2 gnolls (D:2)
  2 orcs
8 creatures vanquished.

Vanquished Creatures (others)
  13 withered plants (Ossuary)
13 creatures vanquished.

Grand Total: 154 creatures vanquished

Notes
Turn   | Place    | Note
-------+----------+-------------------------------------------
     0 | D:1      | pokeman the Deep Elf Hedge Wizard began the quest for the
                  | Orb.
     0 | D:1      | Reached XP level 1. HP: 10/10 MP: 7/7
   425 | D:1      | Reached XP level 2. HP: 13/15 MP: 2/9
   969 | D:1      | Reached skill level 5 in Spellcasting
  1034 | D:1      | Reached XP level 3. HP: 20/20 MP: 2/11
  1038 | D:1      | Learned a level 3 spell: Mephitic Cloud
  1041 | D:1      | Learned a level 2 spell: Call Imp
  1044 | D:1      | Learned a level 2 spell: Blink
  1048 | D:1      | Learned a level 3 spell: Conjure Flame
  1757 | D:1      | HP: 1/20 [kobold (4)]
  2191 | D:2      | Reached skill level 1 in Fighting
  2191 | D:2      | Reached skill level 1 in Armour
  2540 | D:2      | Noticed Jessica
  2546 | D:2      | Killed Jessica
  2547 | D:2      | Reached XP level 4. HP: 25/25 MP: 5/13
  3119 | D:2      | Reached skill level 1 in Evocations
  3559 | D:3      | Reached skill level 6 in Spellcasting
  3593 | D:3      | Reached XP level 5. HP: 16/29 MP: 1/15
  3854 | D:3      | Found an ancient bone altar of Kikubaaqudgha.
  3887 | D:3      | Reached skill level 1 in Fire Magic
  4011 | D:3      | Found a basalt altar of Yredelemnul.
  4454 | D:4      | Reached skill level 1 in Shields
  4757 | D:4      | Reached skill level 1 in Air Magic
  4757 | D:4      | Reached XP level 6. HP: 9/34 MP: 8/17
  5088 | D:4      | Found Qyastron's Firing Range.
  5172 | D:4      | Reached skill level 7 in Spellcasting
  5425 | D:4      | Noticed Ijyb
  5437 | D:4      | Killed Ijyb
  5500 | D:4      | Learned a level 5 spell: Bolt of Magma
  5549 | D:4      | Found a runed translucent door.
  5550 | D:4      | Noticed Crazy Yiuf
  5585 | D:4      | Killed Crazy Yiuf
  5586 | D:4      | Reached skill level 1 in Poison Magic
  6057 | D:4      | Reached XP level 7. HP: 28/38 MP: 3/20
  6090 | D:4      | Reached skill level 1 in Earth Magic
  6247 | D:4      | Noticed Edmund
  6256 | D:4      | Killed Edmund
  6545 | D:4      | Reached skill level 8 in Spellcasting
  6590 | D:4      | Found a bloodstained altar of Trog.
  6593 | D:4      | Found an iron altar of Okawaru.
  6666 | D:5      | Entered Level 5 of the Dungeon
  6682 | D:5      | Learned a level 5 spell: Freezing Cloud
  6699 | D:5      | Identified the +0 pair of boots of Imperfection {rElec rF+
                  | rN+ Dex+4}
  6811 | D:5      | Found a sand-covered staircase.
  6833 | Ossuary  | Entered an ossuary
  6896 | Ossuary  | Reached skill level 1 in Ice Magic
  6950 | Ossuary  | Reached XP level 8. HP: 7/43 MP: 20/22
  7163 | Ossuary  | Mangled by a wyvern zombie

Illustrated notes

Levels and vault maps discovered:
D:1:      dpeg_arrival_signposts, layout_basic, minmay_crystal_water,
          minivault_23, minmay_tall_x
D:2:      layout_basic, uniq_jessica
D:3:      layout_basic, mainiacjoe_overflow_tiny_flanked,
          overflow_temple_1_default
D:4:      minmay_opposing_rooms, layout_basic, grunt_temple_overflow_bloody_war,
          hangedman_decor_points, nicolae_shop_firing_range, uniq_edmund,
          uniq_crazy_yiuf_cottage, uniq_ijyb
D:5:      layout_basic, nicolae_ossuary_entry_ruins
Ossuary:  ossuary_zaba_flooded

Skill      XL: |  1  2  3  4  5  6  7 |
---------------+----------------------+-----
Spellcasting   | 5 6 7 8 |  8.9
Fighting       | 1 |  1.0
Armour         | 1 |  1.0
Conjurations   | 2 3 4 |  4.5
Evocations     | 1 |  1.0
Dodging        | 3 |  3.0
Fire Magic     | 1 2 |  2.3
Shields        | 1 2 |  2.3
Air Magic      | 1 |  1.0
Stealth        | 3 |  3.0
Poison Magic   | 1 2 |  2.0
Earth Magic    | 1 |  1.0
Ice Magic      | 1 |  1.0
Summonings     | |  1.1
Translocations | |  1.1

Action                   |  1- 3 |  4- 6 |  7- 9 || total
-------------------------+-------+-------+-------++-------
Melee: Dagger            |     9 |       |       ||     9
       Staff             |     3 |    25 |       ||    28
       Club              |       |     2 |    27 ||    29
 Cast: Magic Dart        |   130 |   184 |    22 ||   336
       Mephitic Cloud    |     1 |     4 |     3 ||     8
       Call Imp          |       |     4 |     7 ||    11
       Conjure Flame     |       |     3 |    10 ||    13
       Blink             |       |     1 |       ||     1
  Use: Potion            |       |     1 |       ||     1
 Stab: Confused          |       |     2 |     1 ||     3
Armor: Robe              |     7 |       |       ||     7
       Leather armour    |       |    10 |    18 ||    28
Dodge: Dodged            |    21 |    30 |    27 ||    78

Table legend: (Time is in decaauts)
 A = Elapsed time spent in this place.
 B = Non-inter-level travel time spent in this place.
 C = Inter-level travel time spent in this place.
 D = Time resting spent in this place.
 E = Time spent auto-exploring this place.
 F = Levels seen in this place.
 G = Mean time per level.
                   A        B        C        D        E       F      G
               +--------+--------+--------+--------+--------+-----+--------+
         Total |   7173 |   7094 |     79 |    321 |   5753 |   6 | 1195.5 |
       Dungeon |   6838 |   6759 |     79 |    107 |   5705 |   5 | 1367.6 |
       Ossuary |    334 |    334 |      0 |    214 |     48 |   1 |  334.0 |
               +--------+--------+--------+--------+--------+-----+--------+

Top non-repeatable levels by time:
     D:4: 2398 daAuts
     D:1: 2181 daAuts
     D:2: 1227 daAuts
     D:3: 862 daAuts
 Ossuary: 334 daAuts
     D:5: 167 daAuts
